 Dungeon Crawl Stone Soup version 0.23.2-40-g277498a001 (webtiles) character file.

Game seed: 9628780701255206968

14200 Amplified the Warrior (level 11, -19/121 HPs)
             Began as a Minotaur Warper on Sept 4, 2019.
             Was a Follower of Makhleb.
             Demolished by a white ugly thing (46 damage)
             ... on level 12 of the Dungeon.
             The game lasted 00:12:57 (10067 turns).

Amplified the Warrior (Minotaur Warper)            Turns: 10067, Time: 00:12:57

Health: -19/121    AC: 28    Str: 19    XL:     11   Next: 85%
Magic:  12/12      EV: 10    Int: 10    God:    Makhleb [*.....]
Gold:   624        SH:  0    Dex: 13    Spells: 12/12 levels left

rFire    + + +     SeeInvis .   t - +4 dire flail (protect)
rCold    x . .     Gourm    .   (shield currently unavailable)
rNeg     . . .     Faith    .   R - +4 fire dragon scales of the Yeti {rF++ rC- Dex+3}
rPois    .         Spirit   .   y - +2 hat
rElec    .         Reflect  .   m - +2 cloak
rCorr    .         Harm     .   l - +0 pair of gloves
MR       .....                  A - +0 pair of boots
Stlth    ..........             (no amulet)
HPRegen  0.30/turn              w - +6 ring of protection
MPRegen  0.13/turn              x - ring of protection from fire

@: slowed, very slow
A: retaliatory headbutt, horns 2
a: Renounce Religion


You were on level 12 of the Dungeon.
You worshipped Makhleb.
Makhleb was aware of your devotion.
You were hungry.

You visited 2 branches of the dungeon, and saw 13 of its levels.
You also visited: Trove.

You collected 744 gold pieces.
You spent 120 gold pieces at shops.

Inventory:

Hand Weapons
 t - a +4 dire flail of protection (weapon)
 O - a +3 arbalest of flaming
 P - a +0 eveningstar of draining
Missiles
 e - 5 tomahawks of dispersal (quivered)
 g - 7 curare-tipped needles
 r - 56 poisoned needles
 B - 4 tomahawks
Armour
 l - a +0 pair of gloves (worn)
 m - a +2 cloak (worn)
 q - the +1 ring mail "Wiumifuj" {rN+ MP+9 Str+4}
   (You found it on level 9 of the Dungeon)

   It affects your strength (+4).
   It protects you from negative energy.
   It affects your magic capacity (+9).
 u - the +1 ice dragon scales "Vioteinn" {rF- rC++ rN+ Int+4}
   (You found it in a treasure trove)

   It affects your intelligence (+4).
   It makes you vulnerable to fire.
   It greatly protects you from cold.
   It protects you from negative energy.
 y - a +2 hat (worn)
 A - a +0 pair of boots (worn)
 I - a +2 ring mail of cold resistance
 Q - +0 storm dragon scales
 R - the +4 fire dragon scales of the Yeti (worn) {rF++ rC- Dex+3}
   (You found it in a treasure trove)

   It affects your dexterity (+3).
   It greatly protects you from fire.
   It makes you vulnerable to cold.
Jewellery
 b - an uncursed ring of see invisible
 c - a +4 ring of strength
 w - a +6 ring of protection (left hand)
 x - a ring of protection from fire (right hand)
 D - an uncursed ring of resist corrosion
Wands
 n - a wand of disintegration (3)
 C - a wand of clouds (4)
 H - a wand of iceblast (7)
Scrolls
 d - 4 scrolls of blinking
 i - 4 scrolls of teleportation
 s - a scroll of amnesia
 v - a scroll of fear
 F - 2 scrolls of enchant weapon
 G - 2 scrolls of magic mapping
Potions
 h - 7 potions of curing
 j - 6 potions of invisibility
 k - 5 potions of mutation
 o - 5 potions of lignification
 p - a potion of heal wounds
 J - a potion of flight
Comestibles
 f - 19 rations


   Skills:
 * Level 18.4 Fighting
   Level 5.5(10.3) Axes
 + Level 13.2(13.6) Maces & Flails
 - Level 1.0 Throwing
 - Level 7.5 Armour
 - Level 2.7 Dodging
 - Level 1.3 Spellcasting
   Level 2.1 Translocations


You had 12 spell levels left.
You didn't know any spells.
Your spell library contained the following spells:

 Spells                   Type           Power        Failure   Level  Hunger
 Blink                    Tloc           N/A          54%         2    ###....
 Flame Tongue             Conj/Fire      #....        71%         1    ##.....
 Magic Dart               Conj           #...         71%         1    ##.....
 Shroud of Golubria       Chrm/Tloc      #.........   71%         2    ###....
 Gell's Gravitas          Tloc           #.........   78%         3    ####...
 Lesser Beckoning         Tloc           #.........   78%         3    ####...
 Teleport Other           Tloc           #.......     78%         3    ####...
 Call Imp                 Summ           #.......     85%         2    ###....
 Slow                     Hex            #.......     85%         2    ###....
 Throw Flame              Conj/Fire      #.....       85%         2    ###....
 Conjure Flame            Conj/Fire      #.......     97%         3    ####...
 Inner Flame              Hex/Fire       #.......     97%         3    ####...
 Mephitic Cloud           Conj/Pois/Air  #.......     97%         3    ####...
 Passage of Golubria      Tloc           N/A          99%         4    #####..
 Sticky Flame             Conj/Fire      #.......     100%        4    #####..
 Fireball                 Conj/Fire      #.........   100%        5    ######.


Dungeon Overview and Level Annotations

Branches:
Dungeon (12/15)            Temple (1/1) D:5            Lair (0/6) D:11
    Orc (0/2) D:11

Altars:
Ashenzari
Cheibriados
Dithmenos
Elyvilon
Fedhas
Gozag
Hepliaklqana
Kikubaaqudgha
Makhleb
Nemelex Xobeh
Okawaru
Qazlal
Ru
Sif Muna
Trog
Uskayaw
Vehumet
Wu Jian
Xom
Yredelemnul
Zin
The Shining One

Shops:
D:6 ?


Innate Abilities, Weirdness & Mutations

You reflexively headbutt those who attack you in melee.
You have a pair of horns on your head.


Message History

HP restored.
There is an open door here.
A white ugly thing comes into view.
The white ugly thing gurgles horribly!
A white ugly thing is nearby!
The white ugly thing stings you. The white ugly thing freezes you!!
You feel a terrible chill!
A white ugly thing is nearby!
You barely miss the white ugly thing.
The white ugly thing stings you but does no damage.
You closely miss the white ugly thing. The white ugly thing stings you.
The white ugly thing freezes you!!!
You feel a terrible chill!
You are too injured to fight recklessly!
You are too injured to fight recklessly!
Unknown command.
Unknown command.
The white ugly thing stings you!
* * * LOW HITPOINT WARNING * * *
The white ugly thing freezes you!!!
You feel a terrible chill!
You die...

#.......^...................
#...........................
#...........#############...
#...........#....... #...
#...........#....... #.).
#...........#....... #...
########....'....... #...
#....#....... #.<)
#...@#############..)
#...u...............#
#...................#
.............######....#
####.........# #....#
#.........'. #...##
#.........#. #...#
#.........######...#
#..................#


You could see a white ugly thing.

Vanquished Creatures
  Jorgrun (D:12)
  Gastronok (D:12)
  Joseph (D:8)
  A komodo dragon (D:11)
  A troll (D:11)
  Prince Ribbit (D:5)
  10 slime creatures
  A hippogriff (D:11)
  A spriggan (D:7)
  Sigmund (D:5)
  A wraith (D:10)
  3 wyverns
  A hungry ghost (D:12)
  Edmund (D:4)
  Menkaure (D:4)
  A water moccasin (D:7)
  A black bear (D:7)
  9 orc warriors
  2 sky beasts
  8 ogres
  3 ice beasts
  2 necrophages
  2 phantoms
  6 centaurs
  A crocodile (D:7)
  3 big kobolds
  8 bullfrogs
  A gnoll sergeant (D:11)
  4 scorpions
  3 wights (D:8)
  5 killer bees (D:8)
  2 howler monkeys
  3 crimson imps
  2 bullfrog zombies
  2 hounds (D:7)
  2 jellies
  5 orc priests
  2 centaur skeletons
  3 bullfrog skeletons
  A gnoll shaman (D:7)
  3 iguanas
  Natasha (thrice) (D:2)
  13 orc wizards
  8 worker ants
  2 worker ant zombies
  9 gnolls
  13 adders
  6 shadow imps
  2 oozes (D:2)
  An adder skeleton (D:9)
  An adder zombie (D:9)
  5 dart slugs
  4 worms
  6 leopard geckos
  76 orcs
  4 ball pythons
  7 giant cockroaches
  6 goblins
  7 hobgoblins
  7 jackals
  23 kobolds
  5 quokkas
  6 bats
  4 frilled lizards
  A quokka skeleton (D:4)
  5 rats
334 creatures vanquished.

Vanquished Creatures (others)
  A ghoul (D:1)
  A minotaur (D:1)
  2 octopodes (D:1)
  A draconian (D:1)
  A troll (D:1)
  2 formicids (D:1)
  2 spriggans (D:1)
  A human (D:1)
  A naga (D:1)
  A dwarf (D:1)
  A mummy (D:1)
  An orc (D:1)
  A plant (D:11)
  17 tentacles (D:1)
33 creatures vanquished.

Grand Total: 367 creatures vanquished

Notes
Turn   | Place    | Note
-------+----------+-------------------------------------------
     0 | D:1      | Amplified the Minotaur Warper began the quest for the Orb.
     0 | D:1      | Reached XP level 1. HP: 18/18 MP: 1/1
     2 | D:1      | Noticed a dwarf
     2 | D:1      | Noticed an octopode
     2 | D:1      | Noticed a spriggan
     2 | D:1      | Noticed a minotaur
     2 | D:1      | Noticed a spriggan
     2 | D:1      | Noticed a formicid
     2 | D:1      | Noticed a draconian
     2 | D:1      | Noticed a kraken
     2 | D:1      | Noticed a troll
     2 | D:1      | Noticed a formicid
     2 | D:1      | Noticed a naga
     2 | D:1      | Noticed a human
     2 | D:1      | Noticed a ghoul
     2 | D:1      | Noticed an octopode
     3 | D:1      | Killed a spriggan
     5 | D:1      | Killed an octopode
     6 | D:1      | Killed a dwarf
     6 | D:1      | Killed a troll
     9 | D:1      | Killed a naga
    10 | D:1      | Killed a human
    12 | D:1      | Killed an octopode
    17 | D:1      | Killed a formicid
    17 | D:1      | Killed a ghoul
    18 | D:1      | Killed a draconian
    19 | D:1      | Killed a formicid
    20 | D:1      | Killed a spriggan
    24 | D:1      | Killed a minotaur
   149 | D:1      | Reached XP level 2. HP: 22/25 MP: 3/3
   212 | D:1      | Reached skill level 3 in Fighting
   677 | D:2      | Reached XP level 3. HP: 29/31 MP: 4/4
   815 | D:2      | Noticed Natasha
   825 | D:2      | Killed Natasha
   848 | D:2      | Reached XP level 4. HP: 27/40 MP: 5/5
   876 | D:2      | Noticed Natasha
   883 | D:2      | Killed Natasha
   883 | D:2      | Reached skill level 4 in Fighting
   950 | D:2      | Noticed Natasha
   967 | D:2      | Killed Natasha
   982 | D:2      | Reached XP level 5. HP: 47/47 MP: 6/6
  1682 | D:4      | Reached skill level 5 in Axes
  1925 | D:4      | Reached skill level 5 in Fighting
  1962 | D:4      | Noticed Edmund
  1966 | D:4      | Killed Edmund
  1966 | D:4      | Reached XP level 6. HP: 43/56 MP: 7/7
  2111 | D:4      | Noticed Menkaure
  2117 | D:4      | Killed Menkaure
  2188 | D:4      | Reached XP level 7. HP: 59/62 MP: 8/8
  2241 | D:4      | Reached skill level 6 in Fighting
  2437 | D:5      | Entered Level 5 of the Dungeon
  2437 | D:5      | Noticed Sigmund
  2445 | D:5      | Killed Sigmund
  2696 | D:5      | Reached skill level 5 in Armour
  2781 | D:5      | Reached skill level 5 in Maces & Flails
  2831 | D:5      | Reached XP level 8. HP: 71/71 MP: 9/9
  2904 | D:5      | Found a staircase to the Ecumenical Temple.
  2928 | D:5      | Noticed Prince Ribbit
  3161 | D:5      | Reached skill level 7 in Fighting
  3399 | D:5      | Killed Prince Ribbit
  3718 | D:6      | Reached skill level 8 in Fighting
  3780 | D:6      | Reached XP level 9. HP: 75/81 MP: 10/10
  3907 | D:6      | Found Vaim's Magic Scroll Emporium.
  4568 | Temple   | Entered the Ecumenical Temple
  4733 | Temple   | Became a worshipper of Makhleb the Destroyer
  4864 | D:6      | Bought a scroll of enchant weapon for 82 gold pieces
  4864 | D:6      | Bought a scroll of magic mapping for 38 gold pieces
  5057 | D:7      | Identified a scroll of acquirement
  5064 | D:7      | Reached skill level 9 in Fighting
  5163 | D:7      | Reached skill level 10 in Fighting
  5163 | D:7      | Reached skill level 10 in Maces & Flails
  5520 | D:7      | Reached * piety under Makhleb
  5637 | D:8      | Reached skill level 11 in Fighting
  5729 | D:8      | Reached XP level 10. HP: 79/96 MP: 11/11
  5988 | D:8      | Reached skill level 12 in Fighting
  6169 | D:8      | Noticed Joseph
  6184 | D:8      | Killed Joseph
  6439 | D:8      | Reached skill level 13 in Fighting
  6665 | D:9      | Reached ** piety under Makhleb
  6747 | D:9      | Reached skill level 14 in Fighting
  6967 | D:9      | Got a steaming ring mail
  6968 | D:9      | Identified the cursed +1 ring mail "Wiumifuj" {rN+ MP+9
                  | Str+4} (You found it on level 9 of the Dungeon)
  7171 | D:9      | Found a sparkling altar of Nemelex Xobeh.
  7397 | D:10     | Entered Level 10 of the Dungeon
  7413 | D:10     | Reached skill level 15 in Fighting
  7649 | D:10     | Found an opulent altar of Gozag.
  8191 | D:11     | Reached *** piety under Makhleb
  8464 | D:11     | Found a staircase to the Orcish Mines.
  8477 | D:11     | Reached skill level 16 in Fighting
  8477 | D:11     | Reached XP level 11. HP: 114/114 MP: 12/12
  8652 | D:11     | Found a staircase to the Lair.
  8711 | D:11     | Found a portal to a secret trove of treasure.
  8747 | Trove    | Entered a treasure trove
  8753 | Trove    | Got crude ice dragon scales
  8762 | Trove    | Got a spiked troll leather armour
  8772 | Trove    | Got transparent fire dragon scales
  8774 | Trove    | Got a pitted leather armour
  8811 | D:11     | Identified the cursed +1 ice dragon scales "Vioteinn" {rF-
                  | rC++ rN+ Int+4} (You found it in a treasure trove)
  8822 | D:11     | Identified the +2 troll leather armour "Fuezet" {*Corrode
                  | rC- Regen+ Str+2 Dex+7} (You found it in a treasure trove)
  8832 | D:11     | Identified the +4 fire dragon scales of the Yeti {rF++ rC-
                  | Dex+3} (You found it in a treasure trove)
  8842 | D:11     | Identified the +1 leather armour of Fukeso {-Tele rF++ rC-
                  | Str+10} (You found it in a treasure trove)
  9257 | D:11     | Found a hazy altar of Hepliaklqana.
  9520 | D:12     | Reached skill level 17 in Fighting
  9806 | D:12     | Noticed Jorgrun
  9821 | D:12     | Killed Jorgrun
  9821 | D:12     | Reached skill level 18 in Fighting
 10001 | D:12     | Noticed Gastronok
 10017 | D:12     | Killed Gastronok
 10062 | D:12     | Noticed a white ugly thing
 10067 | D:12     | Demolished by a white ugly thing

Skill      XL: |  1  2  3  4  5  6  7  8  9 10 11 |
---------------+----------------------------------+-----
Fighting       | 3 4 5 6 8 11 16 18 | 18.4
Axes           | 3 4 5 |  5.5
Armour         | 2 3 4 5 6 7 |  7.5
Maces & Flails | 2 5 8 10 11 13 | 13.2
Throwing       | |  1.0
Dodging        | |  2.7
Spellcasting   | |  1.3
Translocations | |  2.1

Action                   |  1- 3 |  4- 6 |  7- 9 | 10-12 || total
-------------------------+-------+-------+-------+-------++-------
Melee: Hand axe          |    54 |   131 |       |       ||   185
       Headbutt          |    10 |    21 |    44 |    77 ||   152
       Dire flail        |       |    20 |   278 |   390 ||   688
Evoke: Wand              |       |     4 |     8 |     6 ||    18
  Use: Scroll            |     3 |     5 |     8 |     7 ||    23
       Potion            |     1 |     1 |       |       ||     2
 Stab: Confused          |       |       |     1 |     3 ||     4
  Eat: Chunk             |       |     4 |     8 |    12 ||    24
       Ration            |       |       |     1 |     1 ||     2
Armor: Leather armour    |    11 |       |       |       ||    11
       Chain mail        |    13 |    89 |   162 |    40 ||   304
       Ring mail         |       |       |       |    95 ||    95
       Fire dragon scale |       |       |       |    48 ||    48
Dodge: Dodged            |    31 |    50 |    97 |   168 ||   346
